 Dungeon Crawl Stone Soup version 0.16-a0-2702-gfff482a (webtiles) character file.

1524 thetao the Carver (level 8, -4/58 HPs)
             Began as a Demonspawn Chaos Knight on Nov 25, 2014.
             Was a Plaything of Xom.
             Splashed by a jelly's acid (15 damage)
             ... on level 6 of the Dungeon.
             The game lasted 00:18:59 (6787 turns).

thetao the Carver (Demonspawn Chaos Knight)         Turns: 6787, Time: 00:19:01

Health: -4/58      AC: -9    Str: 13      XL:     8   Next: 54%
Magic:  8/8        EV: 14    Int: 13 (14) God:    Xom
Gold:   229        SH:  0    Dex: 16      Spells: 0 memorised, 7 levels left

rFire  . . .     SeeInvis .     a - +0 falchion (chaos)
rCold  . . .     Clarity  .     b - +2 leather armour
rNeg   + . .     SustAb   .     (no shield)
rPois  .         Gourm    .     (helmet restricted)
rElec  .         Spirit   .     (no cloak)
rCorr  .         Warding  +     (no gloves)
rMut   .         Stasis   .     (no boots)
MR     .....                    f - amulet of warding
Stlth  ++++......               (no ring)
                                (no ring)

@: corroded equipment, not resistant to hostile enchantments, stealthy
A: antennae 2, thin skeletal structure 1, nightstalker 2
a: Renounce Religion


You were on level 6 of the Dungeon.
You worshipped Xom.
You were a beloved toy of Xom.
You were hungry.

You visited 1 branch of the dungeon, and saw 6 of its levels.
You also visited: Sewer.

You collected 229 gold pieces.

Inventory:

Hand weapons
 a - a +0 falchion of chaos (weapon)
 j - the +3 hand crossbow of Gionus {freeze, rPois Str+2}
   (Xom gifted it to you on level 2 of the Dungeon)

   It turns projectiles fired from it into bolts of frost.
   It affects your strength (+2).
   It protects you from poison.
Armour
 b - a +2 leather armour (worn)
 d - a cursed +0 leather armour
Jewellery
 f - an amulet of warding (around neck)
 g - an uncursed amulet of resist mutation
Scrolls
 h - a scroll of recharging
 k - a scroll of remove curse
 s - a scroll of magic mapping
Potions
 e - a potion of might
 m - 3 potions of curing
 o - a potion of flight
 q - a potion of magic
 r - a potion of agility
 v - a potion of lignification
Comestibles
 c - 3 bread rations


   Skills:
 - Level 3.0 Fighting
 + Level 8.4 Long Blades
 + Level 7.0 Crossbows
 - Level 5.3 Armour
 - Level 5.1 Dodging


You had 7 spell levels left.
You didn't know any spells.

Dungeon Overview and Level Annotations

Branches:
Dungeon (6/15)
 Temple: D:4-7

Altars:
Elyvilon
Gozag
Ru


Innate Abilities, Weirdness & Mutations

You have a pair of antennae on your head.
You have a somewhat thin skeletal structure (Dex +2, Stealth).
You are significantly more attuned to the shadows.


Message History

The jelly is moderately wounded.
The jelly seems less confused.
The jelly barely misses you.
You hit the jelly but do no damage.
The jelly is moderately wounded.
The jelly hits you.
You are splashed with acid!
The acid corrodes your equipment!
The acid burns!
* * * LOW HITPOINT WARNING * * *
You emit a cloud of colourful smoke!
You are too injured to fight recklessly!
Unknown command.
The jelly jiggles.
The jelly closely misses you. The jelly closely misses you.
You hit the jelly. You burn the jelly.
The jelly is moderately wounded.
The jelly hits you.
* * * LOW HITPOINT WARNING * * *
You are splashed with acid!
The acid corrodes your equipment!
The acid burns!
You die...
Xom chortles!

### #.### #...# ###
###...#####.##
####...(........#
).((.(((...)....###
###..(.(######..@.##
####### ##.J.§#
##.§§# ##.§§##
#.....# #......#
#......# o #......#
###....#


You could see a jelly.

Vanquished Creatures
  Purgy (Sewer)
  An orc warrior (D:6)
  4 ice beasts
  A giant frog (D:6)
  3 crimson imps
  An orc priest (D:5)
  A jelly (D:5)
  3 orc wizards (D:6)
  2 hounds (D:6)
  5 worker ants (D:5)
  Natasha (thrice) (D:5)
  A gnoll (D:1)
  6 adders
  A river rat (D:5)
  A shadow imp (D:6)
  3 giant mites (D:5)
  2 worms
  An adder zombie (D:6)
  An adder skeleton (D:5)
  2 giant geckos (D:6)
  19 orcs
  2 ball pythons
  8 giant cockroaches
  18 goblins
  7 hobgoblins
  6 jackals
  4 quokkas
  A ball python skeleton (D:5)
  6 bats
  A giant gecko skeleton (D:5)
  10 giant newts
  12 kobolds
  8 rats
145 creatures vanquished.

Vanquished Creatures (collateral kills)
  An orc warrior (D:3)
  A jelly (D:6)
  A goliath beetle (D:6)
  A worker ant (D:3)
  An orc (D:6)
  2 bats (D:3)
  A kobold (D:3)
8 creatures vanquished.

Vanquished Creatures (others)
  2 iron imps
  A worm (D:2)
  A butterfly (D:3)
4 creatures vanquished.

Grand Total: 157 creatures vanquished

Notes
Turn   | Place    | Note
--------------------------------------------------------------
     0 | D:1      | thetao, the Demonspawn Chaos Knight, began the quest for the Orb.
     0 | D:1      | Reached XP level 1. HP: 18/18 MP: 1/1
   186 | D:1      | XOM: potion effect (might)
   215 | D:1      | Gained mutation: You are slightly more attuned to the shadows. [demonic ancestry]
   215 | D:1      | Reached XP level 2. HP: 20/24 MP: 2/2
   251 | D:1      | XOM: silly message
   689 | D:1      | Gained mutation: You have a pair of small antennae on your head. [demonic ancestry]
   689 | D:1      | Reached XP level 3. HP: 27/29 MP: 3/3
   870 | D:2      | Reached skill level 4 in Long Blades
   889 | D:2      | XOM: 1-stop teleportation journey
  1070 | D:2      | XOM: god gift: steaming hand crossbow {god gift}
  1073 | D:2      | Got a steaming hand crossbow {god gift}
  1074 | D:2      | Identified the +3 hand crossbow of Gionus {freeze, rPois Str+2} (Xom gifted it to you on level 2 of the Dungeon)
  1315 | D:2      | XOM: silly message
  1331 | D:2      | XOM: silly message
  1419 | D:2      | Found an opulent altar of Gozag.
  1552 | D:2      | Reached XP level 4. HP: 35/35 MP: 4/4
  1878 | D:3      | Found a sacrificial altar of Ru.
  1911 | D:3      | Noticed an orc warrior
  1920 | D:3      | XOM: butterfly on damage
  2432 | D:3      | Reached skill level 1 in Crossbows
  2491 | D:3      | Reached skill level 7 in Long Blades
  2491 | D:3      | Reached skill level 5 in Crossbows
  2491 | D:3      | Reached skill level 5 in Armour
  2491 | D:3      | Reached skill level 5 in Dodging
  2491 | D:3      | Gained mutation: You have a pair of antennae on your head. [demonic ancestry]
  2491 | D:3      | Reached XP level 5. HP: 28/41 MP: 5/5
  2646 | D:2      | XOM: mild Pois miscast
  2874 | D:3      | Killed an orc warrior
  2907 | D:3      | Gained mutation: You have a somewhat thin skeletal structure (Dex +2, Stealth). [demonic ancestry]
  2907 | D:3      | Reached XP level 6. HP: 47/47 MP: 6/6
  3071 | D:4      | XOM: silly message
  3229 | D:4      | XOM: mild Trmt miscast
  3490 | D:4      | Found a white marble altar of Elyvilon.
  3690 | D:5      | Entered Level 5 of the Dungeon
  3811 | D:5      | Found a glowing drain.
  3819 | Sewer    | Entered a sewer
  3904 | Sewer    | Noticed Purgy
  3911 | Sewer    | Killed Purgy
  4083 | D:5      | Noticed Natasha
  4093 | D:5      | Killed Natasha
  4161 | D:5      | Noticed Natasha
  4170 | D:5      | Killed Natasha
  4170 | D:5      | Gained mutation: You are significantly more attuned to the shadows. [demonic ancestry]
  4170 | D:5      | Reached XP level 7. HP: 47/52 MP: 7/7
  4191 | D:5      | XOM: blink monster(s)
  4427 | D:5      | XOM: cast spell 'Blink'
  4503 | D:5      | Noticed Natasha
  4508 | D:5      | Killed Natasha
  4700 | D:5      | XOM: potion effect (heal wounds)
  4771 | D:5      | XOM: cast spell 'Spider Form'
  4868 | D:6      | XOM: noise
  4917 | D:6      | XOM: smoke on damage
  4943 | D:6      | XOM: polymorph orc -> giant gecko
  5166 | D:6      | Reached XP level 8. HP: 46/58 MP: 8/8
  5171 | D:6      | XOM: god gift: 40 gold pieces
  5292 | D:5      | XOM: give mutations
  5292 | D:5      | Gained mutation: Your system is resistant to poisons. [Xom's grace]
  5292 | D:5      | Gained mutation: You are agile. (Dex +2) [Xom's grace]
  5453 | D:5      | XOM: summons friendly iron imp
  5479 | D:5      | Reached skill level 8 in Long Blades
  5913 | D:6      | XOM: harmless Erth miscast
  5990 | D:6      | XOM: divination: detect creatures
  6031 | D:6      | XOM: butterfly on damage
  6039 | D:6      | XOM: summons 4 friendly demons
  6181 | D:6      | Lost mutation: Your system is resistant to poisons. [potion of cure mutation]
  6181 | D:6      | Lost mutation: You are agile. (Dex +2) [potion of cure mutation]
  6204 | D:6      | XOM: butterfly on damage
  6214 | D:6      | XOM: summons friendly quasit
  6241 | D:5      | XOM: cast spell 'Flight'
  6510 | D:6      | XOM: summons 4 friendly demons
  6784 | D:6      | XOM: smoke on damage
  6787 | D:6      | Splashed by a jelly's acid

Action                   |  1- 3 |  4- 6 |  7- 9 || total
-------------------------+-------+-------+-------++-------
Melee: Falchion          |   105 |   146 |   268 ||   519
 Fire: Hand crossbow     |       |    54 |    20 ||    74
  Use: Scroll            |     3 |     7 |     4 ||    14
       Potion            |     2 |     4 |     7 ||    13
 Stab: Sleeping          |     3 |     9 |    10 ||    22
       Petrifying        |     2 |       |       ||     2
       Invisible         |       |     2 |       ||     2
       Paralysed         |       |     1 |     6 ||     7
       Confused          |       |       |     3 ||     3
       Petrified         |       |       |     1 ||     1
  Eat: Chunk             |     2 |     4 |     4 ||    10
       Bread ration      |       |     1 |     1 ||     2
